3A
ALAMEDA AIRMEN @ ROCKY MOUNTAIN VIBES
08/16/2034
 
TOP OF THE 1ST
Alameda Airmen batting - Pitching for Rocky Mountain Vibes : RHP Mike Larsen
Pitching: RHP Mike Larsen
Batting: LHB Steve Williams 0-0: Ball
1-0: Called Strike
1-1: Ball
2-1: Called Strike
2-2: SINGLE (Groundball, 4MD)
Batting: RHB Cornelius Adkison 0-0: Called Strike
0-1: Ball
1-1: Called Strike
1-2: Ball
2-2: Strikes out looking
Batting: SHB Cecil Nelson 0-0: Called Strike
0-1: Swinging Strike
0-2: Fielders Choice at 2nd, 4-6 (Groundball, 4)
Batting: RHB Gang Jing 0-0: Ball
1-0: Swinging Strike
1-1: Called Strike
1-2: Ball
2-2: Strikes out swinging
Top of the 1st over - 0 runs, 1 hit, 0 errors, 1 left on base; Alameda 0 - Rocky Mountain 0
BOTTOM OF THE 1ST
Rocky Mountain Vibes batting - Pitching for Alameda Airmen : LHP Nicholas Finn
Pitching: LHP Nicholas Finn
Batting: RHB Brook Linen 0-0: Ground out U3 (Groundball, 34)
Batting: RHB Harley Colman 0-0: Ball
1-0: Swinging Strike
1-1: Called Strike
1-2: Foul Ball, location: 2F
1-2: Strikes out swinging
Batting: RHB Chris Gordon 0-0: Swinging Strike
0-1: Foul Ball, location: 2F
0-2: Foul Ball, location: 2F
0-2: Strikes out looking
Bottom of the 1st over - 0 runs, 0 hits, 0 errors, 0 left on base; Alameda 0 - Rocky Mountain 0
TOP OF THE 2ND
Alameda Airmen batting - Pitching for Rocky Mountain Vibes : RHP Mike Larsen
Batting: LHB Gabriel Montoya 0-0: Ball
1-0: SINGLE (Groundball, 34) (infield hit)
Batting: RHB Jim McMahon 0-0: Called Strike
0-1: Foul Ball, location: 2F
0-2: Strikes out looking
Batting: RHB Bob Smelcer 0-0: Ball
1-0: Foul Ball, location: 2F
1-1: Ball
2-1: Ball
3-1: Base on Balls
Gabriel Montoya to second
Batting: RHB Joshua Cadaval 0-0: Swinging Strike
0-1: Called Strike
0-2: Ball
1-2: Foul Ball, location: 2F
1-2: Strikes out swinging
Batting: RHB Pablo Pagán 0-0: Hit by Pitch
Gabriel Montoya to third
Bob Smelcer to second
Batting: LHB Steve Williams 0-0: Ball
1-0: Foul Ball, location: 2F
1-1: Ball
2-1: Ball
3-1: Foul Ball, location: 2F
3-2: Strikes out looking
Top of the 2nd over - 0 runs, 1 hit, 0 errors, 3 left on base; Alameda 0 - Rocky Mountain 0
BOTTOM OF THE 2ND
Rocky Mountain Vibes batting - Pitching for Alameda Airmen : LHP Nicholas Finn
Batting: RHB Douglas von Bittenfeld 0-0: Ball
1-0: Fly out, F4 (Popup, 4)
Batting: LHB Juan Carlos Vázquez 0-0: Swinging Strike
0-1: Foul Ball, location: 2F
0-2: Strikes out swinging
Batting: RHB Gary Ellis 0-0: Ball
1-0: SINGLE (Line Drive, 6D)
Batting: LHB Q' Drennan 0-0: Fly out, F9 (Flyball, 89S)
Bottom of the 2nd over - 0 runs, 1 hit, 0 errors, 1 left on base; Alameda 0 - Rocky Mountain 0
TOP OF THE 3RD
Alameda Airmen batting - Pitching for Rocky Mountain Vibes : RHP Mike Larsen
Batting: RHB Cornelius Adkison 0-0: Ball
1-0: Ball
2-0: Called Strike
2-1: Swinging Strike
2-2: Strikes out swinging
Batting: SHB Cecil Nelson 0-0: Ball
1-0: Called Strike
1-1: Foul Ball, location: 2F
1-2: Ball
2-2: SINGLE (Line Drive, 7LS)
Batting: RHB Gang Jing 0-0: Ball
1-0: Hit by Pitch
Cecil Nelson to second
Batting: LHB Gabriel Montoya 0-0: Ball
1-0: Ball
2-0: Ball
3-0: Called Strike
3-1: Base on Balls
Cecil Nelson to third
Gang Jing to second
Batting: RHB Jim McMahon 0-0: Called Strike
0-1: Ball
1-1: Fly out, F6 (Popup, 6)
Batting: RHB Bob Smelcer 0-0: Foul Ball, location: 2F
0-1: Foul Ball, location: 2F
0-2: Ground out 6-3 (Groundball, 6MS)
Top of the 3rd over - 0 runs, 1 hit, 0 errors, 3 left on base; Alameda 0 - Rocky Mountain 0
BOTTOM OF THE 3RD
Rocky Mountain Vibes batting - Pitching for Alameda Airmen : LHP Nicholas Finn
Batting: SHB Chien-shih Dun 0-0: Called Strike
0-1: Ball
1-1: Called Strike
1-2: Strikes out swinging
Batting: RHB Manuel Santos 0-0: Called Strike
0-1: Foul Ball, location: 2F
0-2: Ball
1-2: Ball
2-2: Ball
3-2: Foul Ball, location: 2F
3-2: Foul Ball, location: 2F
3-2: Base on Balls
Batting: RHB Brook Linen 0-0: Called Strike
0-1: Foul Ball, location: 2F
0-2: Foul Ball, location: 2F
0-2: Ball
1-2: Ball
2-2: Foul Ball, location: 2F
2-2: Strikes out swinging
Batting: RHB Harley Colman 0-0: Swinging Strike
0-1: Called Strike
0-2: Ball
Passed Ball!
Manuel Santos to second
1-2: Strikes out swinging
Bottom of the 3rd over - 0 runs, 0 hits, 0 errors, 1 left on base; Alameda 0 - Rocky Mountain 0
TOP OF THE 4TH
Alameda Airmen batting - Pitching for Rocky Mountain Vibes : RHP Mike Larsen
Batting: RHB Joshua Cadaval 0-0: Ball
1-0: Ball
2-0: Called Strike
2-1: Ball
3-1: Foul Ball, location: 2F
3-2: Ground out 6-3 (Groundball, 6)
Batting: RHB Pablo Pagán 0-0: Ball
1-0: SINGLE (Groundball, 56D)
Batting: LHB Steve Williams 0-0: Ball
1-0: Fly out, F7 (Flyball, 7LM)
Batting: RHB Cornelius Adkison 0-0: Ball
1-0: SINGLE (Groundball, 25) (infield hit)
Pablo Pagán to second
Batting: SHB Cecil Nelson 0-0: Ball
1-0: Ball
Wild Pitch!
Pablo Pagán to third
Cornelius Adkison to second
2-0: Ball
3-0: Base on Balls
Batting: RHB Gang Jing 0-0: Ball
1-0: Ball
2-0: GRAND SLAM HOME RUN (Flyball, 7D), Distance : 403 ft
Batting: LHB Gabriel Montoya 0-0: Called Strike
0-1: Called Strike
0-2: Ball
1-2: Ball
2-2: Foul Ball, location: 2F
2-2: Strikes out swinging
Top of the 4th over - 4 runs, 3 hits, 0 errors, 0 left on base; Alameda 4 - Rocky Mountain 0
BOTTOM OF THE 4TH
Rocky Mountain Vibes batting - Pitching for Alameda Airmen : LHP Nicholas Finn
Batting: RHB Chris Gordon 0-0: Ball
1-0: SINGLE (Groundball, 34D)
Batting: RHB Douglas von Bittenfeld 0-0: Called Strike
0-1: Foul Ball, location: 2F
0-2: Ball
1-2: Ball
2-2: Foul Ball, location: 2F
2-2: Foul Ball, location: 2F
2-2: Foul Ball, location: 2F
2-2: Ball
3-2: Fly out, F7 (Flyball, 7LS)
Batting: LHB Juan Carlos Vázquez 0-0: Called Strike
0-1: Swinging Strike
0-2: Ball
1-2: Fly out, F9 (Line Drive, 9)
Batting: RHB Gary Ellis 0-0: Ball
1-0: Foul Ball, location: 2F
1-1: Ball
2-1: Ball
3-1: Called Strike
3-2: Strikes out looking
Bottom of the 4th over - 0 runs, 1 hit, 0 errors, 1 left on base; Alameda 4 - Rocky Mountain 0
TOP OF THE 5TH
Alameda Airmen batting - Pitching for Rocky Mountain Vibes : RHP Mike Larsen
Batting: RHB Jim McMahon 0-0: Ball
1-0: Ground out 6-3 (Groundball, 6MD)
Batting: RHB Bob Smelcer 0-0: Ball
1-0: Called Strike
1-1: Ball
2-1: Ball
3-1: Foul Ball, location: 2F
3-2: Ground out 5-3 (Groundball, 56S)
Batting: RHB Joshua Cadaval 0-0: Ball
1-0: Called Strike
1-1: Ball
2-1: Foul Ball, location: 2F
2-2: Hit by Pitch
Batting: RHB Pablo Pagán 0-0: Ball
1-0: Swinging Strike
1-1: Called Strike
1-2: Strikes out looking
Top of the 5th over - 0 runs, 0 hits, 0 errors, 1 left on base; Alameda 4 - Rocky Mountain 0
BOTTOM OF THE 5TH
Rocky Mountain Vibes batting - Pitching for Alameda Airmen : LHP Nicholas Finn
Batting: LHB Q' Drennan 0-0: Ball
1-0: Ground out U3 (Groundball, 3L)
Batting: SHB Chien-shih Dun 0-0: Called Strike
0-1: Swinging Strike
0-2: Ball
1-2: Ball
2-2: Strikes out swinging
Batting: RHB Manuel Santos 0-0: Called Strike
0-1: Ball
1-1: Swinging Strike
1-2: Fly out, F4 (Popup, 4S)
Bottom of the 5th over - 0 runs, 0 hits, 0 errors, 0 left on base; Alameda 4 - Rocky Mountain 0
TOP OF THE 6TH
Alameda Airmen batting - Pitching for Rocky Mountain Vibes : RHP Mike Larsen
Batting: LHB Steve Williams 0-0: Called Strike
0-1: Ball
1-1: Ground out 4-3 (Groundball, 4)
Batting: RHB Cornelius Adkison 0-0: Called Strike
0-1: Ball
1-1: Called Strike
1-2: Strikes out swinging
Batting: SHB Cecil Nelson 0-0: Called Strike
0-1: Ball
1-1: SINGLE (Line Drive, 6D)
Pitching: RHP Pedro Ortíz
Batting: RHB Gang Jing 0-0: Ball
1-0: Ball
2-0: Ball
3-0: Swinging Strike
3-1: Foul Ball, location: 2F
3-2: Strikes out swinging
Top of the 6th over - 0 runs, 1 hit, 0 errors, 1 left on base; Alameda 4 - Rocky Mountain 0
BOTTOM OF THE 6TH
Rocky Mountain Vibes batting - Pitching for Alameda Airmen : LHP Nicholas Finn
Batting: RHB Brook Linen 0-0: Ball
1-0: Foul Ball, location: 2F
1-1: Foul Ball, location: 2F
1-2: Ball
2-2: Strikes out swinging
Batting: RHB Harley Colman 0-0: Called Strike
0-1: Ball
1-1: Ball
2-1: Ground out 6-3 (Groundball, 6)
Batting: RHB Chris Gordon 0-0: Swinging Strike
0-1: Ball
1-1: Swinging Strike
1-2: Strikes out swinging
Bottom of the 6th over - 0 runs, 0 hits, 0 errors, 0 left on base; Alameda 4 - Rocky Mountain 0
TOP OF THE 7TH
Alameda Airmen batting - Pitching for Rocky Mountain Vibes : RHP Pedro Ortíz
Batting: LHB Gabriel Montoya 0-0: Swinging Strike
0-1: Swinging Strike
0-2: Ball
1-2: Strikes out looking
Batting: RHB Jim McMahon 0-0: Called Strike
0-1: Swinging Strike
0-2: Strikes out swinging
Batting: RHB Bob Smelcer 0-0: SINGLE (Line Drive, 56D)
Batting: RHB Joshua Cadaval 0-0: Called Strike
0-1: Swinging Strike
0-2: Ball
1-2: Strikes out looking
Top of the 7th over - 0 runs, 1 hit, 0 errors, 1 left on base; Alameda 4 - Rocky Mountain 0
BOTTOM OF THE 7TH
Rocky Mountain Vibes batting - Pitching for Alameda Airmen : LHP Nicholas Finn
Batting: RHB Douglas von Bittenfeld 0-0: Foul Ball, location: 2F
0-1: Foul Ball, location: 2F
0-2: Ball
1-2: Fly out, F7 (Line Drive, 7LM)
Pitching: LHP Jorge González
Batting: LHB Juan Carlos Vázquez 0-0: Swinging Strike
0-1: Swinging Strike
0-2: Strikes out swinging
Batting: RHB Gary Ellis 0-0: Ball
1-0: Ball
2-0: Swinging Strike
2-1: Swinging Strike
2-2: Ball
3-2: Foul Ball, location: 2F
3-2: Strikes out swinging
Bottom of the 7th over - 0 runs, 0 hits, 0 errors, 0 left on base; Alameda 4 - Rocky Mountain 0
TOP OF THE 8TH
Alameda Airmen batting - Pitching for Rocky Mountain Vibes : RHP Pedro Ortíz
Batting: RHB Pablo Pagán 0-0: Fly out, F8 (Flyball, 8RM)
Batting: LHB Steve Williams 0-0: Called Strike
0-1: Ball
1-1: Ball
2-1: Ball
3-1: SOLO HOME RUN (Flyball, 9LD), Distance : 372 ft
Batting: RHB Cornelius Adkison 0-0: Called Strike
0-1: Called Strike
0-2: Ball
1-2: Strikes out looking
Batting: SHB Cecil Nelson 0-0: Called Strike
0-1: Foul Ball, location: 2F
0-2: Ball
1-2: Ball
2-2: Ball
3-2: Base on Balls
Batting: RHB Gang Jing 0-0: Ball
1-0: Swinging Strike
1-1: SINGLE (Line Drive, 6MD)
Cecil Nelson to second
Batting: LHB Gabriel Montoya 0-0: Swinging Strike
0-1: Foul Ball, location: 2F
0-2: Strikes out swinging
Top of the 8th over - 1 run, 2 hits, 0 errors, 2 left on base; Alameda 5 - Rocky Mountain 0
BOTTOM OF THE 8TH
Rocky Mountain Vibes batting - Pitching for Alameda Airmen : LHP Jorge González
Batting: LHB Q' Drennan 0-0: Ball
1-0: Ball
2-0: Ball
3-0: Called Strike
3-1: Called Strike
3-2: Base on Balls
Batting: SHB Chien-shih Dun 0-0: Called Strike
0-1: Grounds into double play, 6-4-3 (Groundball, 6)
Batting: RHB Manuel Santos 0-0: Ground out 6-3 (Groundball, 6S)
Bottom of the 8th over - 0 runs, 0 hits, 0 errors, 0 left on base; Alameda 5 - Rocky Mountain 0
TOP OF THE 9TH
Alameda Airmen batting - Pitching for Rocky Mountain Vibes : RHP Pedro Ortíz
Pitching: RHP Caodong Liu
Batting: RHB Jim McMahon 0-0: Ball
1-0: Called Strike
1-1: Swinging Strike
1-2: Ball
2-2: Fly out, F7 (Flyball, 7LSF)
Batting: RHB Bob Smelcer 0-0: Swinging Strike
0-1: Called Strike
0-2: Ball
1-2: Ball
2-2: Strikes out swinging
Batting: RHB Joshua Cadaval 0-0: Called Strike
0-1: Called Strike
0-2: Ball
1-2: Ground out 6-3 (Groundball, 6)
Top of the 9th over - 0 runs, 0 hits, 0 errors, 0 left on base; Alameda 5 - Rocky Mountain 0
BOTTOM OF THE 9TH
Rocky Mountain Vibes batting - Pitching for Alameda Airmen : LHP Jorge González
Now at C: Reynaldo Torres
Batting: RHB Brook Linen 0-0: Called Strike
0-1: Foul Ball, location: 2F
0-2: Foul Ball, location: 2F
0-2: Strikes out swinging
Batting: RHB Harley Colman 0-0: Ball
1-0: Called Strike
1-1: Ball
2-1: Foul Ball, location: 2F
2-2: Strikes out swinging
Batting: RHB Chris Gordon 0-0: Ball
1-0: Ground out 4-3 (Groundball, 4)
Bottom of the 9th over - 0 runs, 0 hits, 0 errors, 0 left on base; Alameda 5 - Rocky Mountain 0
Friday, March 29th, 2019 - OOTP Baseball 18.8 Build 76